 Dungeon Crawl Stone Soup version 0.22.1-6-g1668fe2c40 (webtiles) character file.

9724 Kohma the Blocker (level 11, -3/69 HPs)
             Began as a Gargoyle Fighter on Jan 24, 2019.
             Was an Elder of Dithmenos.
             Slain by a fire elemental (7 damage)
             ... led by Azrael
             ... on level 12 of the Dungeon.
             The game lasted 00:38:51 (11400 turns).

Kohma the Blocker (Gargoyle Fighter)               Turns: 11400, Time: 00:38:51

Health: -3/69      AC: 13    Str: 23    XL:     11   Next: 51%
Magic:  16/16      EV:  9    Int: 10    God:    Dithmenos [****..]
Gold:   890        SH: 14    Dex: 10    Spells: 10/10 levels left

rFire    . . .     SeeInvis .   a - +1 long sword
rCold    . . .     Gourm    .   c - +0 shield
rNeg     + . .     Faith    .   G - +6 scale mail "Vitojow" {rPois}
rPois    ∞         Spirit   .   s - +0 helmet
rElec    +         Reflect  +   D - +0 cloak of Omission {Str+2}
rCorr    .         Harm     .   (no gloves)
MR       .....                  h - +1 pair of boots
Stlth    ..........             b - +2 amulet of reflection
HPRegen  0.21/turn              (no ring)
MPRegen  0.15/turn              (no ring)

@: corroded, very slightly contaminated, wreathed by umbra
A: negative energy resistance 1, electricity resistance, unbreathing,
petrification resistance, rot immunity, AC +8
a: Shadow Step, Renounce Religion


You were on level 12 of the Dungeon.
You worshipped Dithmenos.
Dithmenos was greatly pleased with you.
You were not hungry.

You visited 2 branches of the dungeon, and saw 13 of its levels.
You also visited: Ossuary.

You collected 890 gold pieces.

Inventory:

Hand Weapons
 a - a +1 long sword (weapon)
 K - a +8 blowgun
Missiles
 o - 290 stones (quivered)
 J - 7 curare-tipped needles
Armour
 c - a +0 shield (worn)
 h - a +1 pair of boots (worn)
 s - a +0 helmet (worn)
 D - the +0 cloak of Omission (worn) {Str+2}
   (You found it on level 7 of the Dungeon)

   It affects your strength (+2).
 E - a +0 ring mail of magic resistance
 G - the +6 scale mail "Vitojow" (worn) {rPois}
   (You found it on level 8 of the Dungeon)

   It protects you from poison.
Jewellery
 b - a +2 amulet of reflection (around neck)
Wands
 r - a wand of iceblast (15)
 z - a wand of flame (33)
 A - a wand of polymorph (46)
 H - a wand of digging (8)
Scrolls
 i - 3 scrolls of fear
 j - 4 scrolls of remove curse
 m - 8 scrolls of teleportation
 v - 4 scrolls of enchant weapon
 y - a scroll of identify
 C - a scroll of amnesia
 F - a scroll of enchant armour
 L - a scroll of noise
Potions
 e - a potion of invisibility
 g - 3 potions of heal wounds
 k - 3 potions of berserk rage
 l - 3 potions of curing
 n - 4 potions of mutation
 p - a potion of agility
 q - 2 potions of brilliance
 t - 3 potions of resistance
 u - 2 potions of haste
 w - 3 potions of lignification
 B - 3 potions of flight
Miscellaneous
 x - a phial of floods
Comestibles
 f - 19 rations


   Skills:
 + Level 8.5 Fighting
 * Level 9.7 Long Blades
 - Level 4.5 Armour
 * Level 11.6 Shields
 + Level 7.2 Invocations


You had 10 spell levels left.
You didn't know any spells.
Your spell library contained the following spells:

 Spells                   Type           Power        Failure   Level  Hunger
 Animate Skeleton         Necr           N/A          82%         1    ##.....
 Flame Tongue             Conj/Fire      #....        82%         1    ##.....
 Pain                     Necr           #...         82%         1    ##.....
 Searing Ray              Conj           #.....       91%         2    ###....
 Throw Flame              Conj/Fire      #.....       91%         2    ###....
 Throw Frost              Conj/Ice       #.....       91%         2    ###....
 Conjure Flame            Conj/Fire      #.......     99%         3    ####...
 Gell's Gravitas          Tloc           #.........   99%         3    ####...
 Inner Flame              Hex/Fire       #.......     99%         3    ####...
 Portal Projectile        Hex/Tloc       #.....       99%         3    ####...
 Regeneration             Chrm/Necr      #.........   99%         3    ####...
 Vampiric Draining        Necr           #.........   99%         3    ####...
 Animate Dead             Necr           N/A          100%        4    #####..
 Force Lance              Conj/Tloc      #.......     100%        4    #####..
 Fulminant Prism          Conj/Hex       #.........   100%        4    #####..
 Sticky Flame             Conj/Fire      #.......     100%        4    #####..
 Fireball                 Conj/Fire      #.........   100%        5    ######.
 Yara's Violent Unravell  Hex/Tmut       #.........   100%        5    ######.
 Dispersal                Tloc           #.........   100%        6    #######
 Freezing Cloud           Conj/Ice/Air   #.........   100%        6    #######
 Controlled Blink         Tloc           N/A          100%        8    #######
 Disjunction              Tloc           #.........   100%        8    #######


Dungeon Overview and Level Annotations

Branches:
Dungeon (12/15)            Temple (1/1) D:7            Lair (0/6) D:9
    Orc (0/2) D:10

Altars:
Ashenzari
Cheibriados
Dithmenos
Elyvilon
Fedhas
Gozag
Hepliaklqana
Kikubaaqudgha
Makhleb
Nemelex Xobeh
Okawaru
Qazlal
Ru
Sif Muna
Trog
Uskayaw
Vehumet
Wu Jian
Xom
Yredelemnul
Zin
The Shining One

Annotations:
D:9 1 runed door, luab's ghost, novice GnSk
D:12 Azrael


Innate Abilities, Weirdness & Mutations

You are resistant to torment.
Your stone body is resilient. (AC +8)
You are immune to poison.
You resist negative energy. (rN+)
You are resistant to electric shocks. (rElec)
You can survive without breathing.
You are immune to petrification.
You are immune to rotting.


Message History

The orc wizard mumbles some strange words.
The orc wizard seems to speed up.
You block the kobold's attack.
An orc comes into view. It is wielding a short sword.
The orc priest invokes the aid of Beogh against you.
Beogh smites you! The fire elemental hits you. The fire elemental burns you!
* * * LOW HITPOINT WARNING * * *
Azrael the Boundless Flame comes into view.
He is wielding a scimitar of Blink to where?
Press: ? - help, Dir - move target cursor You are very lightly contaminated with residual magic.
As you read the scroll of blinking, it crumbles to dust.
There is an open door here.
The fire elemental hits you. The fire elemental burns you!
* * * LOW HITPOINT WARNING * * *
There is an open door here.
The fire elemental hits you. The fire elemental burns you!
* * * LOW HITPOINT WARNING * * *
There is an escape hatch in the ceiling here.
The fire elemental hits you. The fire elemental burns you!
You die...

............#'####o......
.........................
.............§§§.........
..#####)####§###.........
#.......§§...#.........
#..###§#####.#.........
#.<#..§....'.#.........
+..#..E....#.###++###..
#..#..@....#... ..
#..#########..... ..
#.................. .
#......Y............
#.....(............#
#..................#
#..........# ###........#
+........#


You could see a fire elemental.

Vanquished Creatures
  3 two-headed ogres
  Pikel (D:6)
  A centaur zombie (D:10)
  A kobold demonologist (D:12)
  2 trolls (D:10)
  Prince Ribbit (D:8)
  2 hippogriffs
  Sigmund (D:3)
  A spriggan (D:9)
  A yak (D:9)
  A fire elemental (D:12)
  3 hungry ghosts
  A wyvern (D:9)
  An acid dragon (D:11)
  A soldier ant (D:12)
  A hell hound (D:12)
  A swamp drake (D:10)
  6 phantoms
  2 orc warriors (D:10)
  4 ice beasts
  A slave (D:6)
  A black bear (D:11)
  3 sky beasts
  A necrophage (D:8)
  4 ogres
  2 centaurs
  2 crocodiles (D:9)
  3 bullfrogs
  A big kobold (D:11)
  A wyvern zombie (D:7)
  2 scorpions
  A wyvern skeleton (D:7)
  8 wights
  2 crimson imps
  2 bullfrog zombies
  2 centaur skeletons
  A hound (D:11)
  A bullfrog skeleton (D:5)
  4 orc priests
  A jelly (D:6)
  5 orc wizards
  An iguana (D:9)
  6 worker ants
  2 big kobold zombies (Ossuary)
  A human simulacrum (D:9)
  A hound zombie (D:10)
  A hound skeleton (D:7)
  9 mummies
  6 gnolls
  18 adders
  3 shadow imps
  An ooze (D:5)
  An adder zombie (D:9)
  An adder skeleton (D:10)
  6 dart slugs
  2 worms
  8 leopard geckos
  29 orcs
  6 giant cockroaches
  A gnoll zombie (Ossuary)
  4 goblins
  7 hobgoblins
  21 jackals
  7 kobolds
  5 quokkas
  9 bats
  3 frilled lizards
  3 hobgoblin zombies (Ossuary)
  A jackal skeleton (D:8)
  A kobold zombie (Ossuary)
  An orc zombie (Ossuary)
  7 rats
255 creatures vanquished.

Vanquished Creatures (others)
  Sonja (D:11)
  A slave (D:6)
  A centaur (D:10)
  A wyvern skeleton (D:6)
  2 orc wizards
  A human simulacrum (D:9)
  2 plants (D:9)
9 creatures vanquished.

Grand Total: 264 creatures vanquished

Notes
Turn   | Place    | Note
-------+----------+-------------------------------------------
     0 | D:1      | Kohma the Gargoyle Fighter began the quest for the Orb.
     0 | D:1      | Reached XP level 1. HP: 14/14 MP: 1/1
    14 | D:1      | You fall through a shaft!
    14 | D:2      | Found an iron altar of Okawaru.
    84 | D:2      | Reached XP level 2. HP: 17/19 MP: 2/2
   324 | D:2      | Reached XP level 3. HP: 23/23 MP: 3/3
   447 | D:2      | Found an opulent altar of Gozag.
   756 | D:3      | Reached skill level 4 in Shields
   821 | D:3      | Noticed Sigmund
   832 | D:3      | Killed Sigmund
   832 | D:3      | Reached XP level 4. HP: 28/29 MP: 4/4
   832 | D:3      | Reached XP level 5. HP: 32/33 MP: 5/5
  1276 | D:4      | Noticed a phantom
  1289 | D:4      | Reached XP level 6. HP: 26/38 MP: 6/6
  1316 | D:4      | Killed a phantom
  1316 | D:4      | Reached skill level 5 in Shields
  2134 | D:4      | Found a shadowy altar of Dithmenos.
  2151 | D:4      | Became a worshipper of Dithmenos the Shadowed
  2159 | D:4      | Reached XP level 7. HP: 39/44 MP: 7/7
  2286 | D:5      | Entered Level 5 of the Dungeon
  2766 | D:1      | Reached * piety under Dithmenos
  3483 | D:5      | Reached skill level 1 in Invocations
  3542 | D:5      | Reached skill level 6 in Shields
  3603 | D:5      | Noticed a hungry ghost
  3615 | D:5      | Paralysed by fainting for 12 turns
  3663 | D:5      | Killed a hungry ghost
  3748 | D:5      | Found a deep blue altar of Sif Muna.
  3854 | D:5      | Reached skill level 5 in Fighting
  3854 | D:5      | Reached XP level 8. HP: 49/49 MP: 9/9
  3982 | D:5      | Reached skill level 5 in Long Blades
  4029 | D:5      | Found a glowing silver altar of Zin.
  4029 | D:5      | Noticed an angel
  4197 | D:6      | Found a sparkling altar of Nemelex Xobeh.
  4407 | D:6      | Found a burning altar of Makhleb.
  4473 | D:6      | Reached skill level 7 in Shields
  4638 | D:6      | Noticed Pikel
  4676 | D:6      | Killed Pikel
  4676 | D:6      | Reached XP level 9. HP: 12/55 MP: 11/11
  4716 | D:6      | Reached skill level 8 in Shields
  4722 | D:6      | Reached ** piety under Dithmenos
  5010 | D:6      | Found an ornate altar of the Wu Jian Council.
  5216 | D:7      | Found a staircase to the Ecumenical Temple.
  5224 | Temple   | Entered the Ecumenical Temple
  5515 | D:7      | Found a basalt altar of Yredelemnul.
  5575 | D:7      | Got a scorched cloak
  5586 | D:7      | Identified the +0 cloak of Omission {Str+2} (You found it
                  | on level 7 of the Dungeon)
  5607 | D:7      | Found a white marble altar of Elyvilon.
  6455 | D:8      | Noticed Prince Ribbit
  6633 | D:8      | Found a sand-covered staircase.
  6643 | Ossuary  | Entered an ossuary
  7197 | D:8      | Reached skill level 9 in Shields
  7322 | D:8      | Got a smoking scale mail
  7333 | D:8      | Identified the +6 scale mail "Vitojow" {rPois} (You found
                  | it on level 8 of the Dungeon)
  7482 | D:8      | Killed Prince Ribbit
  7556 | D:8      | Reached skill level 5 in Invocations
  7559 | D:8      | Reached XP level 10. HP: 55/61 MP: 13/13
  7872 | D:8      | Found a shimmering altar of Xom.
  8245 | D:9      | Reached *** piety under Dithmenos
  8407 | D:9      | Found a staircase to the Lair.
  8442 | D:9      | Reached skill level 10 in Shields
  8627 | D:9      | Noticed a two-headed ogre
  8635 | D:9      | Killed a two-headed ogre
  8719 | D:9      | Found a runed door.
  8719 | D:9      | Noticed luab's ghost (novice GnSk)
  8763 | D:10     | Entered Level 10 of the Dungeon
  8791 | D:10     | Identified the Catalogue of the Circus Animal
  9341 | D:10     | Found a staircase to the Orcish Mines.
  9573 | D:10     | Found a burning altar of Makhleb.
  9573 | D:10     | Noticed a cacodemon
  9887 | D:10     | Reached **** piety under Dithmenos
  9887 | D:10     | Reached XP level 11. HP: 68/68 MP: 15/15
 10272 | D:11     | Noticed Sonja
 10309 | D:11     | Killed Sonja
 10348 | D:11     | Reached skill level 11 in Shields
 11153 | D:12     | Noticed a two-headed ogre
 11160 | D:12     | Noticed a two-headed ogre
 11168 | D:12     | Killed a two-headed ogre
 11175 | D:12     | Killed a two-headed ogre
 11374 | D:12     | Noticed Azrael
 11400 | D:12     | Slain by a fire elemental

Skill      XL: |  1  2  3  4  5  6  7  8  9 10 11 |
---------------+----------------------------------+-----
Long Blades    | 2 3 4 6 7 8 9 |  9.7
Shields        | 4 5 6 7 9 10 11 | 11.6
Fighting       | 4 5 6 8 |  8.5
Armour         | 4 |  4.5
Invocations    | 1 3 5 6 7 |  7.2

Action                   |  1- 3 |  4- 6 |  7- 9 | 10-12 || total
-------------------------+-------+-------+-------+-------++-------
Melee: Long sword        |    77 |   134 |   679 |   589 ||  1479
Evoke: Wand              |       |       |    19 |    11 ||    30
  Use: Potion            |       |       |     1 |     1 ||     2
       Scroll            |       |       |    21 |     4 ||    25
  Eat: Chunk             |       |     4 |    21 |    10 ||    35
       Ration            |       |       |     9 |     2 ||    11
Armor: Scale mail        |    52 |    72 |    50 |   253 ||   427
       Chain mail        |       |       |   342 |       ||   342
       Ring mail         |       |       |    11 |       ||    11
Dodge: Dodged            |    41 |    45 |   174 |   171 ||   431
Block: Shield            |    51 |    68 |   409 |   395 ||   923
       Reflection        |       |       |       |    13 ||    13
       Rpst.: Long sword |    11 |    13 |    57 |    47 ||   128
